 Dungeon Crawl Stone Soup version 0.27-a0-668-gb5737ff2c0 (webtiles) character file.

Game seed: 12035141579178978497

47 rjrrt the Chopper (level 3, 0/33 HPs)
             Began as a Hill Orc Fighter on Mar 17, 2021.
             Slain by Sigmund
             ... wielding a +0 scythe
              (4 damage)
             ... on level 2 of the Dungeon.
             The game lasted 00:02:46 (1487 turns).

rjrrt the Chopper (Hill Orc Fighter)                Turns: 1487, Time: 00:02:47

Health: 0/33       AC: 11    Str: 19    XL:     3   Next: 70%
Magic:  3/3        EV:  5    Int:  8    God:
Gold:   55         SH:  0    Dex: 10    Spells: 2/2 levels left

rFire    . . .     SeeInvis .   a - +0 war axe
rCold    . . .     Faith    .   c - +0 kite shield
rNeg     . . .     Spirit   .   h - +0 chain mail
rPois    .         Reflect  .   (no helmet)
rElec    .         Harm     .   (no cloak)
rCorr    .         Rampage  .   g - +0 pair of gloves
Will     .....                  b - +0 pair of boots
Stlth    ..........             (no amulet)
HPRegen  0.11/turn              (no ring)
MPRegen  0.08/turn              (no ring)

@: confused
A: no striking features
a: no special abilities


You were on level 2 of the Dungeon.
You visited 1 branch of the dungeon, and saw 2 of its levels.

You collected 55 gold pieces.

Inventory:

Hand Weapons
 a - a +0 war axe (weapon)
Armour
 b - a +0 pair of boots (worn)
 c - a +0 kite shield (worn)
 g - a +0 pair of gloves (worn)
 h - a +0 chain mail (worn)
Scrolls
 e - a scroll of vulnerability {unknown}
Potions
 d - a potion of might
 f - a potion of magic {unknown}


   Skills:
 - Level 4.3 Fighting
 * Level 4.6 Axes
 - Level 3.2 Armour
 - Level 3.2 Shields


You had 2 spell levels left.
You didn't know any spells.
Your spell library was empty.

Dungeon Overview and Level Annotations

Branches:
Dungeon (2/15)

Altars:

Annotations:
D:2 Sigmund


Message History

The bat hits you but does no damage. You block the bat's attack.
The bat hits you but does no damage.
Your chain mail prevents you from hitting the bat.
The bat is severely wounded.
You block the bat's attack. The bat hits you but does no damage. x2
You completely miss the bat.
The bat is moderately wounded.
You block the bat's attack. The bat hits you but does no damage. x2
You block the bat's attack.
Your shield and chain mail prevent you from hitting the bat.
The bat is moderately wounded.
You block the bat's attack. The bat hits you.
You slash the bat!
You kill the bat!
No target in view!
No target in view!
You see here a bat corpse.
Found 25 stones.
Sigmund the Dreaded comes into view.
He is wielding a +0 scythe.
Sigmund shouts!
Sigmund points at himself and mumbles some strange words.
Sigmund flickers and vanishes!
Deactivating autopickup; reactivate with Ctrl-A.
Unknown command.
You start waiting.
Something hits you but does no damage. Something hits you.
You slash something! Something hits you but does no damage. Something hits you!
You miss something.
Something hits you but does no damage. x2
You miss something. Something hits you but does no damage.
You barely miss something.
You hear some strange, mumbled words.
You are confused.
You barely miss something. Something hits you! Something hits you.
* * * LOW HITPOINT WARNING * * *
You bump into the rock wall.
Something hits you but does no damage.
You barely miss something. Something hits you.
* * * LOW HITPOINT WARNING * * *
You bump into the rock wall.
Something hits you.
You die...

†####..### #.....#
.#.......# ###.###.#
.#.##..#.###.#.# #.#
.#.##..#.##....###.#####
..............(........#
.....###.##....###.###.#
##.#.# #####.#.# #.# #.#
..#..# #.#.###.# #.#
.#.#[# #.#..@{.###.#
.###.# #+########..#
.....# #.## .##### #.##
.#.## #..# ....####
#...# .......+ .......
#...#### ##.......#
#..## #..####.#


There were no monsters in sight!

Vanquished Creatures
  An adder (D:2)
  A dart slug (D:1)
  2 leopard geckos (D:1)
  2 giant cockroaches (D:1)
  7 goblins
  A hobgoblin (D:1)
  3 kobolds (D:1)
  2 quokkas
  4 bats
  5 frilled lizards
  4 rats (D:1)
32 creatures vanquished.

Notes
Turn   | Place    | Note
-------+----------+-------------------------------------------
     0 | D:1      | rjrrt the Hill Orc Fighter began the quest for the Orb.
     0 | D:1      | Reached XP level 1. HP: 19/19 MP: 1/1
   237 | D:1      | Reached XP level 2. HP: 23/27 MP: 2/2
   679 | D:1      | Reached XP level 3. HP: 33/33 MP: 3/3
  1456 | D:2      | Noticed Sigmund
  1487 | D:2      | Slain by Sigmund

Illustrated notes

Levels and vault maps discovered:
D:1:      minmay_arrival_four_circles, layout_loops_corners,
          kennysheep_another_room
D:2:      layout_loops_corners, chequers_ecumenical_altar_simple_redux,
          xom_redecorated, uniq_terence, uniq_sigmund

Skill      XL: |  1  2 |
---------------+-------+-----
Axes           | 3 4 |  4.6
Fighting       | 4 |  4.3
Armour         | |  3.2
Shields        | |  3.2

Action                   || total
-------------------------++-------
Melee: War axe           ||    81
Armor: Scale mail        ||    30
       Chain mail        ||    17
Dodge: Dodged            ||    19
Block: Kite shield       ||    50

Table legend: (Time is in decaauts)
 A = Elapsed time spent in this place.
 B = Non-inter-level travel time spent in this place.
 C = Inter-level travel time spent in this place.
 D = Time resting spent in this place.
 E = Time spent auto-exploring this place.
 F = Levels seen in this place.
 G = Mean time per level.
                   A        B        C        D        E       F      G
               +--------+--------+--------+--------+--------+-----+--------+
         Total |   1530 |   1523 |      7 |      6 |   1233 |   2 |  765.0 |
       Dungeon |   1530 |   1523 |      7 |      6 |   1233 |   2 |  765.0 |
               +--------+--------+--------+--------+--------+-----+--------+

Top non-repeatable levels by time:
     D:1: 1128 daAuts
     D:2: 401 daAuts
